 Dungeon Crawl Stone Soup version 0.28-a0-1002-gf00fe891ef (webtiles) character file.

Game seed: 16237393080161285615

704 voltaire321 the Conjurer (level 7, -17/59 HPs)
             Began as a Yellow Draconian Conjurer on Dec 7, 2021.
             Demolished by a two-headed ogre (23 damage)
             ... on level 8 of the Dungeon.
             The game lasted 00:16:14 (4841 turns).

voltaire321 the Conjurer (DrCj)                     Turns: 4841, Time: 00:16:15

Health: -17/59     AC: 10    Str:  9 (10) XL:     7   Next: 39%
Magic:  6/13       EV: 12    Int: 20      God:
Gold:   1095       SH:  0    Dex:  9      Spells: 11/14 levels left

rFire   . . .      SeeInvis .   o - +1 short sword (venom)
rCold   . . .      Faith    .   (no shield)
rNeg    . . .      Spirit   .   (armour unavailable)
rPois   .          Reflect  .   (helmet restricted)
rElec   .          Harm     .   (no cloak)
rCorr   +          Rampage  .   (no gloves)
Will    .....      Rage     1%  (no boots)
Stlth   ++........              (no amulet)
HPRegen 0.19/turn               a - +4 ring of protection
MPRegen 0.13/turn               (no ring)

@: no status effects
A: spit acid, AC +6, unfitting armour, cold-blooded, acid resistance, berserk 1,
deterioration 1, subdued magic 1
a: Breathe Acid


You were on level 8 of the Dungeon.
You visited 1 branch of the dungeon, and saw 6 of its levels.

You collected 1095 gold pieces.

Inventory:

Hand Weapons
 o - a +1 short sword of venom (weapon)
Missiles
 d - 6 datura-tipped darts
 h - 2 atropa-tipped darts
Jewellery
 a - a +4 ring of protection (left hand)
Wands
 b - a wand of flame (20)
Scrolls
 c - a scroll of immolation {unknown}
 m - a scroll of identify
Potions
 e - a potion of invisibility
 j - a potion of flight
 n - a potion of haste


   Skills:
 + Level 4.1 Fighting
 + Level 4.1 Dodging
 - Level 1.7 Stealth
 + Level 4.2 Spellcasting
 + Level 5.7 Conjurations


You had 11 spell levels left.
You knew the following spells:

 Your Spells              Type           Power      Damage    Failure   Level
a - Magic Dart            Conj           80%        1d7       1%          1
b - Searing Ray           Conj           40%        2d5       1%          2

Your spell library contained the following spells:

 Spells                   Type           Power      Damage    Failure   Level
 Dazzling Flash           Conj/Hex       24%        N/A       10%         3
 Gell's Gravitas          Tloc           3%         N/A       32%         3
 Lesser Beckoning         Tloc           3%         N/A       32%         3
 Teleport Other           Tloc           3%         N/A       32%         3
 Fulminant Prism          Conj/Hex       6%         3d7       32%         4
 Iskenderun's Mystic Bla  Conj/Tloc      12%        2d5       32%         4


Dungeon Overview and Level Annotations

Branches:
Dungeon (5/15)
 Temple: D:4-7

Altars:
Okawaru
Trog

Shops:
D:4 *


Innate Abilities, Weirdness & Mutations

You can spit globs of acid.
Your golden yellow scales are hard. (AC +6)
You cannot fit into any form of body armour.
You are cold-blooded and may be slowed by cold attacks.
You are resistant to acid. (rCorr)
You tend to lose your temper in combat.
Your body sometimes deteriorates upon taking damage.
Your spells are a little easier to cast, but a little less powerful.


Message History

A wyvern comes into view.
Casting: Searing Ray (safe; 1% risk of failure)
Confirm with . or Enter, or press ? or * to list all spells.
Aiming: Searing Ray (safe; 1% risk of failure)
Press: ? - help, Shift-Dir - straight line, f - two-headed ogre
Aim: a two-headed ogre, wielding two +0 giant clubs (89% to hit)
The searing ray hits the two-headed ogre.
The two-headed ogre is lightly wounded.
The searing ray hits the wyvern but does no damage. (Press . to maintain the ray.)
The two-headed ogre hits you with a +0 giant club!
Your body deteriorates!
You feel weakened.
The two-headed ogre hits you with a +0 giant club!
The searing ray hits the two-headed ogre.
The two-headed ogre is moderately wounded.
The searing ray hits the wyvern.
The wyvern is lightly wounded.
The searing ray misses the two-headed ogre.
The searing ray hits the wyvern!
The wyvern is moderately wounded.
The two-headed ogre completely misses you.
The two-headed ogre hits you with a +0 giant club!
* * * LOW HITPOINT WARNING * * *
The searing ray hits the two-headed ogre.
The two-headed ogre is moderately wounded.
The searing ray misses the wyvern.
You finish channelling your searing ray.
The two-headed ogre closely misses you. The two-headed ogre misses you.
Casting: Searing Ray (safe; 1% risk of failure)
Confirm with . or Enter, or press ? or * to list all spells.
Aiming: Searing Ray (safe; 1% risk of failure)
Press: ? - help, Shift-Dir - straight line, f/p - two-headed ogre
Aim: a two-headed ogre, wielding two +0 giant clubs (moderately wounded, 89% to hit)
The searing ray hits the two-headed ogre.
The two-headed ogre is heavily wounded.
The searing ray hits the wyvern.
The wyvern is severely wounded. (Press . to maintain the ray.)
The two-headed ogre hits you with a +0 giant club!!
You die...

##z.###. .......
#..........
#....####..........
##........................
#.....# #.................
#.## #.................
#..## #................
##..####...............
#..lO@...#....(.......
########..####........
#.............o
#..............
##...#######....
######...## ...
#.........# o ##..#####..#
.. #..## ##.## ...


You could see a two-headed ogre and a wyvern.

Vanquished Creatures
  A necrophage (D:8)
  A scorpion (D:4)
  A water moccasin skeleton (D:4)
  A howler monkey (D:4)
  Natasha (thrice) (D:4)
  2 iguanas (D:4)
  4 orc wizards (D:4)
  A hound skeleton (D:4)
  Robin (D:4)
  4 adders
  7 gnolls
  A howler monkey skeleton (D:4)
  An adder skeleton (D:4)
  2 worms (D:3)
  5 dart slugs
  6 orcs
  4 bats
  12 endoplasms
  A giant cockroach (D:3)
  14 goblins
  12 hobgoblins
  2 quokkas
  3 frilled lizards
  5 kobolds
  5 rats
99 creatures vanquished.

Notes
Turn   | Place    | Note
-------+----------+-------------------------------------------
     0 | D:1      | voltaire321 the Draconian Conjurer began the quest for the
                  | Orb.
     0 | D:1      | Reached XP level 1. HP: 14/14 MP: 3/3
   254 | D:1      | Reached XP level 2. HP: 22/22 MP: 1/5
   372 | D:1      | Found a faded altar of an unknown god.
   754 | D:1      | Reached skill level 1 in Fighting
   759 | D:1      | Learned a level 2 spell: Searing Ray
  1231 | D:2      | Reached XP level 3. HP: 28/28 MP: 0/6
  1376 | D:2      | Found a bloodstained altar of Trog.
  1900 | D:3      | Reached XP level 4. HP: 33/36 MP: 1/8
  2894 | D:3      | Reached XP level 5. HP: 41/41 MP: 3/9
  3287 | D:4      | Noticed Natasha
  3296 | D:4      | Killed Natasha
  3401 | D:4      | Identified a scroll of acquirement
  3401 | D:4      | Acquired 870 gold pieces
  3408 | D:4      | Noticed Natasha
  3419 | D:4      | Killed Natasha
  3493 | D:4      | Reached skill level 5 in Conjurations
  3493 | D:4      | Reached XP level 6. HP: 29/51 MP: 4/11
  3501 | D:4      | Gained mutation: Your body sometimes deteriorates upon
                  | taking damage. [potion of mutation]
  3501 | D:4      | Gained mutation: You tend to lose your temper in combat.
                  | [potion of mutation]
  3501 | D:4      | Gained mutation: Your spells are a little easier to cast,
                  | but a little less powerful. [potion of mutation]
  3556 | D:4      | Noticed Natasha
  3556 | D:4      | Found Fuwk's General Store.
  3561 | D:4      | Killed Natasha
  3748 | D:4      | Noticed Robin
  3767 | D:4      | Killed Robin
  4025 | D:4      | Your scales start taking on a golden yellow colour.
  4025 | D:4      | Reached XP level 7. HP: 58/58 MP: 6/12
  4025 | D:4      | Gained mutation: You are resistant to acid. (rCorr) [Yellow
                  | Draconian growth]
  4161 | D:4      | Found an iron altar of Okawaru.
  4533 | D:5      | Entered Level 5 of the Dungeon
  4654 | D:5      | You fall into a shaft and drop 3 floors!
  4829 | D:8      | Noticed a two-headed ogre
  4832 | D:8      | Noticed a wyvern
  4841 | D:8      | Demolished by a two-headed ogre

Illustrated notes

Levels and vault maps discovered:
D:1:      tarquinn_simple_flora_water_f, layout_loops_ring,
          shapermc_ecumenical_altar_ellora
D:2:      layout_loops_ring, basic_altar
D:3:      layout_loops_ring
D:4:      layout_rooms, mainiacjoe_overflow_alcove_1, serial_shops,
          nicolae_shop_behind_doors, uniq_robin, uniq_natasha
D:5:      layout_rooms
D:8:      layout_layer_cave

Skill      XL: |  1  2  3  4  5  6  7 |
---------------+----------------------+-----
Dodging        | 2 3 4 |  4.1
Fighting       | 1 2 3 4 |  4.1
Spellcasting   | 3 4 |  4.2
Conjurations   | 5 |  5.7
Stealth        | |  1.7

Action                   |  1- 3 |  4- 6 |  7- 9 || total
-------------------------+-------+-------+-------++-------
Melee: Dagger            |     6 |    14 |       ||    20
       Short sword       |       |    74 |    27 ||   101
       Tailslap          |       |     8 |       ||     8
 Cast: Magic Dart        |    50 |    41 |     4 ||    95
       Searing Ray       |     3 |    22 |     6 ||    31
  Use: Scroll            |       |     3 |     4 ||     7
       Potion            |       |     5 |       ||     5
 Stab: Sleeping          |       |     1 |       ||     1
Armor: Skin              |     6 |    47 |    12 ||    65
Dodge: Dodged            |     8 |    86 |    17 ||   111

Table legend: (Time is in decaauts)
 A = Elapsed time spent in this place.
 B = Non-inter-level travel time spent in this place.
 C = Inter-level travel time spent in this place.
 D = Time resting spent in this place.
 E = Time spent auto-exploring this place.
 F = Levels seen in this place.
 G = Mean time per level.
                   A        B        C        D        E       F      G
               +--------+--------+--------+--------+--------+-----+--------+
         Total |   4839 |   4708 |    131 |   1164 |   2599 |   6 |  806.5 |
       Dungeon |   4839 |   4708 |    131 |   1164 |   2599 |   6 |  806.5 |
               +--------+--------+--------+--------+--------+-----+--------+

Top non-repeatable levels by time:
     D:3: 1455 daAuts
     D:4: 1161 daAuts
     D:1: 1059 daAuts
     D:2: 855 daAuts
     D:8: 187 daAuts
     D:5: 121 daAuts
